 Dungeon Crawl Stone Soup version 0.20.0-15-g7f486f2 (webtiles) character file.

202 Chiseanne the Magician (level 5, -7/52 HPs)
             Began as a Demonspawn Wizard on June 13, 2017.
             Mangled by Ijyb
             ... wielding a +2 dagger of electrocution
              (20 damage)
             ... on level 3 of the Dungeon.
             The game lasted 00:05:54 (2848 turns).

Chiseanne the Magician (Demonspawn Wizard)          Turns: 2848, Time: 00:05:54

Health: -7/52      AC: 29    Str:  7    XL:     5   Next: 50%
Magic:  9/11       EV:  2    Int: 21    God:
Gold:   34         SH:  0    Dex: 11    Spells: 5/13 levels left

rFire    . . .     SeeInvis .   l - +0 dagger (protect)
rCold    . . .     Gourm    .   (no shield)
rNeg     + + +     Faith    .   (armour currently unavailable)
rPois    +         Spirit   .   (helmet currently unavailable)
rElec    .         Reflect  .   (cloak currently unavailable)
rCorr    .         Harm     .   (gloves currently unavailable)
MR       .....     NoTele   +   (boots currently unavailable)
Stlth    ++........             (no amulet)
Regen    0.2/turn               i - ring of flight
MPRegen  0.2/turn               (no ring)

@: tree-form, protection aura
A: no striking features
a: no special abilities


You were on level 3 of the Dungeon.
You were not hungry.
You were a tree.
You visited 1 branch of the dungeon, and saw 3 of its levels.

You collected 34 gold pieces.

Inventory:

Hand Weapons
 l - a +0 dagger of protection (weapon)
 q - a +0 blowgun
 r - a cursed -2 short sword
Missiles
 e - 61 stones (quivered)
 f - 19 bolts
 g - 13 poisoned needles
 o - 21 sling bullets
Armour
 a - a +0 robe (melded)
 b - a +1 hat
 v - a +0 helmet (melded)
Jewellery
 i - a ring of flight (left branch)
Scrolls
 p - a scroll of amnesia
 t - a scroll of fog
Potions
 m - a potion of curing {unknown}
Comestibles
 d - 2 bread rations
 j - 2 meat rations
 s - 5 chunks of flesh


   Skills:
 - Level 1.7 Dodging
 - Level 1.7 Stealth
 * Level 4.6 Spellcasting
 * Level 3.9 Conjurations
   Level 1.0 Summonings
 - Level 0.8 Translocations


You had 5 spell levels left.
You knew the following spells:

 Your Spells              Type           Power        Failure   Level  Hunger
a - Magic Dart            Conj           ###.         2%          1    None
b - Blink                 Tloc           N/A          12%         2    #......
c - Slow                  Hex            #.......     17%         2    #......
d - Mephitic Cloud        Conj/Pois/Air  ##......     21%         3    ##.....


Dungeon Overview and Level Annotations

Branches:
Dungeon (3/15)

Altars:

Annotations:
D:3 Ijyb, Terence


Innate Abilities, Weirdness & Mutations

((Your flesh is cold resistant. (rC+)))
((You are partially covered in sharp spines.))


Message History

Your will is overpowered!
You are more confused.
You bump into the rock wall.
It was a potion of lignification.
You turn into a tree.
Your +0 helmet melds into your body.
Your +0 robe melds into your body.
Your roots penetrate the ground.
Ijyb zaps a wand.
You resist with some effort.
You're too confused to cast spells.
You cannot move. (Use ctrl+direction to attack without moving.)
You swing at nothing.
Ijyb zaps a wand.
Nothing appears to happen.
Terence the Incautious comes into view.
He is wielding a hand axe.
You swing at nothing.
You swing at nothing.
You feel less confused.
You completely miss Ijyb.
Ijyb is severely wounded.
Ijyb hits you but does no damage.
You hit Ijyb but do no damage.
Your weapon exudes an aura of protection.
Ijyb is severely wounded.
Ijyb hits you but does no damage.
You are electrocuted!
You die...

......####...#.#.##.#.########.#
...... ..........)))....)..÷.)..
...... ###...#.#)#############.#
##########...#.#.# #.#
.................# #.#
.........#...#.#.# ########.#
...............#.######........#
........#............#.####....
.........@..)♣g.........######
#....###...#.####...###
#......).....# #...#
#....####.##.# #..g# ### #...<#
#.##.# #...######.. #....#
#)##.# #........... #....#
#.##.# #.#.#####... #....#
#.##.# ...#.#....... #....# #.#
....#.#.###...


You could see Ijyb and Terence.

Vanquished Creatures
  An orc wizard (D:3)
  Robin (D:3)
  4 gnolls
  4 adders
  A worm (D:2)
  6 leopard geckos
  5 orcs (D:3)
  5 bats
  A giant cockroach (D:1)
  15 goblins
  14 hobgoblins
  6 frilled lizards
  7 kobolds
  9 rats
79 creatures vanquished.

Notes
Turn   | Place    | Note
-------+----------+-------------------------------------------
     0 | D:1      | Chiseanne the Demonspawn Wizard began the quest for the Orb.
     0 | D:1      | Reached XP level 1. HP: 13/13 MP: 4/4
   240 | D:1      | Gained mutation: You are partially covered in sharp spines. [demonic ancestry]
   240 | D:1      | Reached XP level 2. HP: 19/19 MP: 0/6
   902 | D:2      | Reached XP level 3. HP: 24/24 MP: 5/7
  1258 | D:2      | Reached XP level 4. HP: 14/30 MP: 5/9
  1850 | D:2      | Reached skill level 4 in Spellcasting
  2382 | D:3      | Noticed Robin
  2415 | D:3      | Killed Robin
  2415 | D:3      | Gained mutation: Your flesh is cold resistant. (rC+) [demonic ancestry]
  2415 | D:3      | Reached XP level 5. HP: 28/35 MP: 1/11
  2752 | D:3      | Noticed Ijyb
  2757 | D:3      | Learned a level 2 spell: Blink
  2760 | D:3      | Learned a level 2 spell: Slow
  2768 | D:3      | Learned a level 2 spell: Slow
  2772 | D:3      | Learned a level 3 spell: Mephitic Cloud
  2845 | D:3      | Noticed Terence
  2848 | D:3      | Mangled by Ijyb

Skill      XL: |  1  2  3  4 |
---------------+-------------+-----
Conjurations   | 2 3 |  3.9
Spellcasting   | 4 |  4.6
Dodging        | |  1.7
Stealth        | |  1.7
Summonings     | |  1.0
Translocations | |  0.8

Action                   |  1- 3 |  4- 6 || total
-------------------------+-------+-------++-------
Melee: Dagger            |    40 |    19 ||    59
 Cast: Magic Dart        |    35 |   111 ||   146
       Mephitic Cloud    |       |     1 ||     1
  Use: Scroll            |     4 |     6 ||    10
       Potion            |       |     4 ||     4
 Stab: Sleeping          |     7 |       ||     7
  Eat: Chunk             |       |     6 ||     6
Armor: Robe              |    10 |    16 ||    26
       Skin              |       |     2 ||     2
Dodge: Dodged            |    24 |    19 ||    43
